 Dungeon Crawl Stone Soup version 0.32-a0-953-g508020473e (webtiles) character file.

Game seed: 1496128452559168480

108 zenocrate the Cudgeller (level 4, 0/55 HPs)
             Began as an Armataur Fighter on Apr 16, 2024.
             Slain by a gnoll
             ... wielding a +0 halberd
             ... led by a gnoll bouda
              (4 damage)
             ... on level 3 of the Dungeon.
             The game lasted 00:02:34 (2015 turns).

zenocrate the Cudgeller (Armataur Fighter)          Turns: 2015, Time: 00:02:35

Health: 0/55       AC:  6    Str: 24    XL:     4   Next: 58%
Magic:  4/4        EV:  7    Int:  8    God:
Gold:   73         SH:  4    Dex:  9    Spells: 3/3 levels left

rFire   + . .        b - +8 mace of Atojomem {pain, Will+}
rCold   + . .        c - +0 buckler
rNeg    . . .        l - +0 ring mail {rF+}
rPois   .            (no helmet)
rElec   .            (no cloak)
rCorr   +            (no gloves)
SInv    .            (no barding)
Will    +....        h - amulet of faith Stlth
                     g - ring of protection from cold
HPRegen 0.29/turn    q - ring of resist corrosion
MPRegen 0.42/turn

%: roll, faith
@: berserking, weakened, very quick
A: large, deformed body, tough skin 3, armoured tail, rollpage 1
a: no special abilities


You were on level 3 of the Dungeon.
You visited 1 branch of the dungeon, and saw 3 of its levels.

You collected 73 gold pieces.

Inventory:

Hand Weapons
 a - a +0 flail
 b - the +8 mace of Atojomem (weapon) {pain, Will+}
   (You found it on level 2 of the Dungeon)

   Will+:     It increases your willpower.
Missiles
 t - 3 boomerangs (quivered)
Armour
 c - a +0 buckler (worn)
 l - a +0 ring mail of fire resistance (worn)
 m - a +0 scale mail
Jewellery
 g - a ring of protection from cold (left hand)
 h - an amulet of faith (around neck)
 k - a ring of ice
 q - a ring of resist corrosion (right hand)
 s - a ring of fire
Scrolls
 f - 2 scrolls of teleportation {unknown}
 i - a scroll of enchant weapon {unknown}
 n - a scroll of revelation {unknown}
 o - 2 scrolls of enchant armour {unknown}
 u - a scroll of summoning {unknown}
 v - a scroll of poison {unknown}
 x - a scroll of vulnerability {unknown}
Potions
 d - a potion of might
 e - a potion of lignification
 j - a potion of mutation {unknown}
 r - a potion of curing
 w - a potion of ambrosia {unknown}
 z - 2 potions of enlightenment {unknown}


   Skills:
 - Level 2.6 Fighting
 * Level 4.2 Maces & Flails
 - Level 3.6 Armour
 + Level 0.8 Dodging
 - Level 3.2 Shields


You had 3 spell levels left.
You didn't know any spells.
Your spell library contained the following spells:

 Spells                   Type           Power      Damage    Failure   Level
 Lesser Beckoning         Tloc           0%         N/A       77%         2
 Maxwell's Portable Pile  Tloc           0%         2d(5-13)  94%         3
 Teleport Other           Tloc           0%         N/A       94%         3
 Animate Dead             Necr           0%         N/A       100%        4
 Passage of Golubria      Tloc           0%         N/A       100%        4
 Borgnjor's Vile Clutch   Necr/Erth      0%         N/A       100%        5
 Silence                  Hex/Air        0%         N/A       100%        5
 Death Channel            Necr           0%         N/A       100%        6
 Lehudib's Crystal Spear  Conj/Erth      0%         10d2      100%        8


Dungeon Overview and Level Annotations

Branches:
Dungeon (3/15)

Altars:

Annotations:
D:2 digging for pot


Innate Abilities, Weirdness & Mutations

Armour fits poorly on your strangely shaped body.
You have extremely tough skin. (AC +3)
You have a long armoured tail.
You regenerate magic when rolling toward enemies. (Rampage MPRegen)


Message History

You barely miss the gnoll. You block the gnoll's attack. x2
You hit the gnoll.
The gnoll is moderately wounded.
The gnoll hits you but does no damage. The gnoll closely misses you.
Unknown command.
You barely miss the gnoll.
Your tail-slap misses the gnoll.
The gnoll is moderately wounded.
The gnoll closely misses you.
The gnoll hits you from afar with a +0 halberd.
The gnoll barely misses you. The gnoll closely misses you.
Unknown command.
You closely miss the gnoll.
You tail-slap the gnoll, but do no damage.
The gnoll is moderately wounded.
The gnoll barely misses you. x2
Unknown command.
You hit the gnoll but do no damage.
Your tail-slap misses the gnoll.
The gnoll is moderately wounded.
The gnoll hits you with a +0 whip. The gnoll hits you but does no damage.
Unknown command.
You barely miss the gnoll.
The gnoll is moderately wounded.
The gnoll is no longer moving quickly. x2; The gnoll barely misses you.
The gnoll hits you from afar with a +0 halberd!
* * * LOW HITPOINT WARNING * * *
The gnoll bouda gazes fiercely through you!
You feel as though you will be weak longer.
A red film seems to cover your vision as you go berserk!
You feel yourself moving faster!
You feel mighty! You block the gnoll's attack.
The gnoll hits you from afar with a +0 halberd.
* * * LOW HITPOINT WARNING * * *
Unknown command.
You sock the gnoll!
You kill the gnoll!
You block the gnoll's attack.
Unknown command.
You roll towards the gnoll!
You sock the gnoll!
The gnoll is almost dead.
The gnoll barely misses you. The gnoll hits you with a +0 halberd.
You die...

#.# #.#
#....####)....# #.#
#.# #.####.#.###(.#
..# #.# #.# #.#.##
..# ### #.####.#
##.#.# ..#
#....#.###.#.####..#
#.##......####.....#
#>####....# .....#
#####.#
#....####g....#
#.....#
#......@gg.$..#
#..####
#############.#
#...# ##.## #.# #.#
#.# #.# ##.## ###


You could see a gnoll bouda and 2 gnolls.

Vanquished Creatures
  2 gnolls (D:3)
  2 adders (D:3)
  A ribbon worm (D:2)
  8 ball pythons
  5 endoplasms
  4 giant cockroaches
  4 goblins
  6 hobgoblins
  2 jackals (D:2)
  8 kobolds
  2 quokkas
  9 bats
  5 frilled lizards
  12 rats
70 creatures vanquished.

Notes
Turn   | Place    | Note
-------+----------+-------------------------------------------
     0 | D:1      | zenocrate the Armataur Fighter began the quest for the Orb.
     0 | D:1      | Reached XP level 1. HP: 18/18 MP: 1/1
    39 | D:1      | Reached skill level 2 in Maces & Flails
   162 | D:1      | Reached XP level 2. HP: 25/25 MP: 2/2
   297 | D:1      | Reached skill level 3 in Maces & Flails
   385 | D:1      | Reached XP level 3. HP: 29/30 MP: 3/3
   681 | D:2      | Identified the +8 mace of Atojomem {pain, Will+}
  1500 | D:3      | Found a faded altar of an unknown god.
  1653 | D:3      | Reached XP level 4. HP: 26/37 MP: 4/4
  1770 | D:3      | Reached skill level 4 in Maces & Flails
  2015 | D:3      | Slain by a gnoll

Illustrated notes

Levels and vault maps discovered:
D:1:      eino_arrival_cavern_a, layout_rooms, grunt_decor_junction,
          glass_columns_a
D:2:      minmay_chambers_of_twos, layout_loops_ring, item_on_display_a
D:3:      layout_loops_ring, hellmonk_ecumenical_altar_crossroads, st_stairs_1,
          minivault_24, moated_statue

Skill      XL: |  1  2  3  4 |
---------------+-------------+-----
Maces & Flails | 2 3 4 |  4.2
Fighting       | |  2.6
Armour         | |  3.6
Dodging        | |  0.8
Shields        | |  3.2

Action                     |  1- 3 |  4- 6 || total
---------------------------+-------+-------++-------
  Melee: Flail             |   100 |       ||   100
         Tailslap          |    10 |     2 ||    12
         Mace              |    46 |    23 ||    69
    Use: Scroll            |     3 |       ||     3
         Potion            |       |     1 ||     1
 Armour: Scale mail        |    99 |       ||    99
         Ring mail         |    45 |    21 ||    66
  Dodge: Dodged            |    56 |    21 ||    77
  Block: Buckler           |    46 |    11 ||    57

Table legend: (Time is in decaauts)
 A = Elapsed time spent in this place.
 B = Non-inter-level travel time spent in this place.
 C = Inter-level travel time spent in this place.
 D = Time resting spent in this place.
 E = Time spent auto-exploring this place.
 F = Levels seen in this place.
 G = Mean time per level.
                   A        B        C        D        E       F      G
               +--------+--------+--------+--------+--------+-----+--------+
         Total |   2060 |   2003 |     57 |      0 |   1524 |   3 |  686.7 |
       Dungeon |   2060 |   2003 |     57 |      0 |   1524 |   3 |  686.7 |
               +--------+--------+--------+--------+--------+-----+--------+

Top non-repeatable levels by time:
     D:2: 859 daAuts
     D:1: 669 daAuts
     D:3: 531 daAuts
